 Dungeon Crawl Stone Soup version 0.18.0-1-g0107ab7 (webtiles) character file.

758 juanjsm the Ducker (level 7, -9/32 HPs)
             Began as a Spriggan Venom Mage on May 4, 2016.
             Mangled by Erica
             ... wielding a +1 scimitar of flaming
              (11 damage)
             ... on level 9 of the Dungeon on May 5, 2016.
             The game lasted 00:45:27 (8761 turns).

juanjsm the Ducker (Spriggan Venom Mage)            Turns: 8761, Time: 00:45:28

Health: -9/32      AC:  3    Str:  4    XL:     7   Next: 50%
Magic:  10/15      EV: 22    Int: 18    God:
Gold:   420        SH:  0    Dex: 17    Spells: 5 memorised, 1 level left

rFire  . . .     SeeInvis +     g - +1 dagger
rCold  . . .     Gourm    .     a - +1 robe
rNeg   + . .     Faith    .     (shield restricted)
rPois  .         Spirit   .     (helmet restricted)
rElec  .         Dismiss  .     (no cloak)
rCorr  .         Reflect  .     (gloves unavailable)
SustAt .         Harm     .     (boots unavailable)
MR     +....                    L - amulet of rage
Stlth  ++++......               (no ring)
                                j - ring of positive energy

@: very slightly contaminated, very quick, somewhat resistant to hostile
enchantments, stealthy
A: unfitting armour, see invisible, herbivore 3, speed 3, slow metabolism 2
a: Evoke Berserk Rage


You were on level 9 of the Dungeon.
You were not hungry.

You visited 2 branches of the dungeon, and saw 11 of its levels.

You collected 420 gold pieces.

Inventory:

Hand Weapons
 g - a +1 dagger (weapon)
 h - a +0 hunting sling
 H - a -2 dagger
Missiles
 i - 273 stones (quivered)
 y - 24 sling bullets
Armour
 a - a +1 robe (worn)
 G - a cursed -2 buckler
 K - a +1 robe of magic resistance
 P - a +0 cloak
Magical Staves
 w - an uncursed staff of conjuration
 S - an uncursed staff of fire
Jewellery
 j - a ring of positive energy (left hand)
 L - an amulet of rage (around neck)
Wands
 x - a wand of flame (30/48)
 M - a wand of iceblast (5/15)
 Q - a wand of disintegration (10/24)
 R - a wand of teleportation (2/9)
Scrolls
 l - 4 scrolls of recharging
 m - a scroll of noise {unknown}
 n - 3 scrolls of remove curse
 o - a scroll of enchant weapon
 r - 2 scrolls of magic mapping
 v - 3 scrolls of teleportation
 B - a scroll of immolation
 D - a scroll of summoning {unknown}
 E - a scroll of random uselessness {unknown}
 I - 2 scrolls of enchant armour
 J - a scroll of amnesia
 O - a scroll of fear
Potions
 d - a potion of invisibility
 e - 2 potions of might {unknown}
 f - 2 potions of lignification
 k - 4 potions of degeneration {unknown}
 p - 2 potions of curing {unknown}
 q - a potion of flight {unknown}
 s - 5 potions of heal wounds
 t - a potion of ambrosia {unknown}
 u - a potion of brilliance {unknown}
 z - a potion of mutation {unknown}
 N - a potion of haste {unknown}
Books
 b - a Young Poisoner's Handbook

   Spells                             Type                      Level
   a - Sting                          Conjuration/Poison           1
   b - Cure Poison                    Poison                       2
   c - Mephitic Cloud                 Conjuration/Poison/Air       3
   d - Olgreb's Toxic Radiance        Poison                       4
   e - Venom Bolt                     Conjuration/Poison           5
Miscellaneous
 A - a plain deck of defence
Comestibles
 c - 4 bread rations
 C - 2 slices of pizza
 F - 4 fruits


   Skills:
 + Level 0.5 Fighting
 * Level 6.6 Dodging
 * Level 6.2 Stealth
 * Level 0.5 Shields
 + Level 0.1 Unarmed Combat
 * Level 5.2 Spellcasting
 * Level 2.5 Conjurations
 + Level 4.9 Poison Magic


You had one spell level left.
You knew the following spells:

 Your Spells              Type           Power        Failure   Level  Hunger
a - Sting                 Conj/Pois      ###.         2%          1    None
b - Cure Poison           Pois           ###.......   2%          2    #......
c - Mephitic Cloud        Conj/Pois/Air  ##......     17%         3    ##.....
d - Olgreb's Toxic Radia  Pois           ###.....     21%         4    ####...
e - Venom Bolt            Conj/Pois      ###.......   78%         5    ######.


Dungeon Overview and Level Annotations

Branches:
Dungeon (10/15)            Temple (1/1) D:4
   Lair: D:8-11         Orc: D:9-12

Altars:
Ashenzari
Cheibriados
Dithmenos
Elyvilon
Fedhas
Gozag
Kikubaaqudgha
Nemelex Xobeh
Okawaru
Pakellas
Qazlal
Ru
Sif Muna
Trog
Xom
Yredelemnul
Zin
The Shining One

Annotations:
D:2 Natasha, Robin
D:5 graki42's ghost, novice DECj
D:7 Dowan; Duvessa; Pikel; Prince Ribbit
D:9 Erica; Rekenzichi's ghost, novice DsGl


Innate Abilities, Weirdness & Mutations

You are tiny and cannot use many weapons and most armour.
You have supernaturally acute eyesight.
You are a herbivore.
You cover ground extremely quickly.
You need consume almost no food.


Message History

Confirm with . or Enter, or press ? or * to list all spells.
Aiming: Mephitic Cloud
Press: ? - help, Shift-Dir - straight line, f - Erica
Aim: Erica, wielding a scimitar of flaming and wearing a robe You miscast Mephitic Cloud.
You are very lightly contaminated with residual magic.
Your skin tingles.
Erica casts a spell at you. The bolt of poison hits you!
You are poisoned.
Ouch! That really hurt!
* * * LOW HITPOINT WARNING * * *
Casting: Mephitic Cloud
Confirm with . or Enter, or press ? or * to list all spells.
You are no longer poisoned.
Rekenzichi's ghost opens the door.
Erica gestures at you while chanting. You resist with some effort.
Erica hits you with a scimitar of flaming!
You die...

.♣...# ##......
.......### ##....#.##
.>...♣....# ##....##...
...)......# ##....##..#.
...♣.Y....# #.....W..##.
..........# #.....#.##..
..........###....##....#
..........'.W...##..#.##
.......@..###......##...
......@...# #.....##..W.
#####+##### #...........
##....##.... ##....##...
..##..#.## .. #..


You could see Erica, a sky beast (invisible) and Rekenzichi's ghost.

Vanquished Creatures
  An ogre (D:4)
  A centaur (D:7)
  2 hounds
  An orc priest (D:6)
  4 orc wizards
  A giant frog skeleton (D:8)
  2 iguanas
  2 worker ants
  3 gnolls (D:4)
  10 adders
  An adder skeleton (D:8)
  5 worms
  4 giant geckos
  20 orcs
  2 ball pythons
  6 giant cockroaches
  20 goblins
  8 hobgoblins
  9 jackals
  8 kobolds
  3 quokkas
  7 bats
  4 giant newts
  A jackal skeleton (D:8)
  6 rats
131 creatures vanquished.

Vanquished Creatures (collateral kills)
  A goblin (D:2)
1 creature vanquished.

Grand Total: 132 creatures vanquished

Notes
Turn   | Place    | Note
--------------------------------------------------------------
     0 | D:1      | juanjsm the Spriggan Venom Mage began the quest for the Orb.
     0 | D:1      | Reached XP level 1. HP: 9/9 MP: 5/5
   384 | D:1      | Reached XP level 2. HP: 12/13 MP: 0/6
   388 | D:1      | Learned a level 2 spell: Cure Poison
  1442 | D:2      | Reached XP level 3. HP: 16/16 MP: 1/8
  1447 | D:2      | Learned a level 3 spell: Mephitic Cloud
  1468 | D:2      | Noticed Natasha
  1694 | D:2      | Found a shattered altar of Ashenzari.
  2216 | D:2      | Reached XP level 4. HP: 11/21 MP: 0/10
  2529 | D:2      | Noticed Robin
  2609 | D:2      | Reached skill level 1 in Conjurations
  2847 | D:1      | Learned a level 4 spell: Olgreb's Toxic Radiance
  2976 | D:4      | Found a staircase to the Ecumenical Temple.
  2983 | Temple   | Entered the Ecumenical Temple
  3273 | D:4      | Noticed an ogre
  3375 | D:3      | Reached XP level 5. HP: 24/24 MP: 11/11
  3659 | D:4      | Upgraded the game from 0.18-b1-22-ge198996 to 0.18.0-1-g0107ab7
  3704 | D:4      | Found an ancient bone altar of Kikubaaqudgha.
  3734 | D:4      | Killed an ogre
  3734 | D:4      | Reached skill level 5 in Stealth
  3779 | D:5      | Entered Level 5 of the Dungeon
  3812 | D:5      | Noticed an ice beast
  4026 | D:4      | Reached XP level 6. HP: 21/29 MP: 7/13
  4175 | D:4      | Found a deep blue altar of Sif Muna.
  4357 | D:4      | Reached skill level 5 in Dodging
  4540 | D:5      | HP: 1/29 [centaur skeleton (5)]
  5461 | D:5      | Noticed graki42's ghost (novice DECj)
  5650 | D:6      | Found a sparkling altar of Nemelex Xobeh.
  6569 | D:7      | Noticed Pikel
  6569 | D:7      | Noticed a slave
  6569 | D:7      | Noticed a slave
  6569 | D:7      | Noticed Duvessa
  6569 | D:7      | Noticed Dowan
  6569 | D:7      | Noticed Prince Ribbit
  7353 | D:6      | Reached XP level 7. HP: 32/32 MP: 7/15
  7360 | D:6      | Learned a level 5 spell: Venom Bolt
  7494 | D:7      | Reached skill level 5 in Spellcasting
  7845 | D:8      | Noticed a wyvern
  8382 | D:8      | Found a basalt altar of Yredelemnul.
  8460 | D:8      | Noticed a troll
  8630 | D:9      | Found a shadowy altar of Dithmenos.
  8644 | D:10     | Entered Level 10 of the Dungeon
  8739 | D:9      | Noticed Rekenzichi's ghost (novice DsGl)
  8755 | D:9      | Noticed Erica
  8761 | D:9      | Mangled by Erica

Skill      XL: |  1  2  3  4  5  6  7 |
---------------+----------------------+-----
Spellcasting   | 3 4 5 |  5.2
Stealth        | 4 5 6 |  6.2
Dodging        | 4 6 |  6.6
Conjurations   | 1 2 |  2.5
Fighting       | |  0.5
Shields        | |  0.5
Unarmed Combat | |  0.1
Poison Magic   | |  4.9

Action                   |  1- 3 |  4- 6 |  7- 9 || total
-------------------------+-------+-------+-------++-------
Melee: Dagger            |    81 |   180 |   117 ||   378
       Unarmed           |     3 |       |       ||     3
 Cast: Sting             |    91 |   166 |    17 ||   274
       Mephitic Cloud    |       |     8 |     2 ||    10
       Cure Poison       |       |       |     1 ||     1
  Use: Scroll            |       |    13 |     2 ||    15
 Stab: Sleeping          |     4 |    12 |     4 ||    20
       Confused          |       |     4 |     3 ||     7
  Eat: Bread ration      |       |     1 |       ||     1
Armor: Robe              |    14 |    11 |    11 ||    36
Dodge: Dodged            |   122 |   195 |   107 ||   424
